PCL
DISTRICT 9 PRAWNS @ REDWOOD CITY REDWOODS
08/29/2024
 
TOP OF THE 1ST
District 9 Prawns batting - Pitching for Redwood City Redwoods : RHP Tom Goff
Pitching: RHP Tom Goff
Batting: RHB Mal Snyder 0-0: Swinging Strike
0-1: Ball
1-1: Foul Ball, location: 2F
1-2: Strikes out looking
Batting: RHB Alfredo Cortéz 0-0: Ball
1-0: Fly out, F1 (Popup, 3S)
Batting: LHB Terry White 0-0: Ball
1-0: Swinging Strike
1-1: Called Strike
1-2: Ball
2-2: Foul Ball, location: 2F
2-2: Foul Ball, location: 2F
2-2: Ground out 5-3 (Groundball, 56)
Top of the 1st over - 0 run(s), 0 hit(s), 0 error(s), 0 left on base; District 9 0 - Redwood City 0
BOTTOM OF THE 1ST
Redwood City Redwoods batting - Pitching for District 9 Prawns : RHP Wilson Flores
Pitching: RHP Wilson Flores
Batting: LHB Alfonso Montoya 0-0: Called Strike
0-1: Foul Ball, location: 2F
0-2: Ball
1-2: Foul Ball, location: 2F
1-2: Strikes out swinging
Batting: RHB Anastasio García 0-0: Called Strike
0-1: Fly out, F7 (Flyball, 78D)
Batting: LHB Vincente Sáenz 0-0: Called Strike
0-1: Fly out, F4 (Popup, 4)
Bottom of the 1st over - 0 run(s), 0 hit(s), 0 error(s), 0 left on base; District 9 0 - Redwood City 0
TOP OF THE 2ND
District 9 Prawns batting - Pitching for Redwood City Redwoods : RHP Tom Goff
Batting: LHB Ryan Hensley 0-0: Ball
1-0: Foul Ball, location: 2F
1-1: Called Strike
1-2: Foul Ball, location: 2F
1-2: Ground out 1-3 (Groundball, 15)
Batting: LHB José Flores 0-0: Swinging Strike
0-1: Foul Ball, location: 2F
0-2: Strikes out swinging
Batting: RHB Jonah Duncan 0-0: Ball
1-0: Foul Ball, location: 2F
1-1: Foul Ball, location: 2F
1-2: Ball
2-2: Ball
3-2: Strikes out swinging
Top of the 2nd over - 0 run(s), 0 hit(s), 0 error(s), 0 left on base; District 9 0 - Redwood City 0
BOTTOM OF THE 2ND
Redwood City Redwoods batting - Pitching for District 9 Prawns : RHP Wilson Flores
Batting: LHB Patrick Bright 0-0: Foul Ball, location: 2F
0-1: Ground out 4-3 (Groundball, 4M)
Batting: LHB Tony Warrilow 0-0: Called Strike
0-1: Ball
1-1: Ball
2-1: Ball
3-1: Base on Balls
Batting: RHB William Parker 0-0: Called Strike
0-1: Swinging Strike
0-2: DOUBLE (Flyball, 7D)
Tony Warrilow to third
Runner from 3rd tries for Home, SAFE, throw made home
Batting: LHB Juan Hernández 0-0: Called Strike
0-1: Ball
1-1: Foul Ball, location: 2F
1-2: Ball
2-2: Ball
3-2: Foul Ball, location: 2F
3-2: Fly out, F6 (Popup, 6)
Batting: LHB Héctor Flores 0-0: Ball
1-0: Ground out 4-3 (Groundball, 4)
Bottom of the 2nd over - 1 run(s), 1 hit(s), 0 error(s), 1 left on base; District 9 0 - Redwood City 1
TOP OF THE 3RD
District 9 Prawns batting - Pitching for Redwood City Redwoods : RHP Tom Goff
Batting: LHB Brian Roy 0-0: Ball
1-0: Foul Ball, location: 2F
1-1: Swinging Strike
1-2: Ground out 5-3 (Groundball, 56S)
Batting: SHB Mark Pope 0-0: Ball
1-0: Called Strike
1-1: Called Strike
1-2: Ball
2-2: Ball
3-2: DOUBLE (Line Drive, 7LM)
Batting: RHB Phil Jacobs 0-0: Fly out, F9 (Flyball, 9S)
Batting: RHB Mal Snyder 0-0: Swinging Strike
0-1: Ball
1-1: Ball
2-1: Foul Ball, location: 2F
2-2: Ball
3-2: Strikes out swinging
Top of the 3rd over - 0 run(s), 1 hit(s), 0 error(s), 1 left on base; District 9 0 - Redwood City 1
BOTTOM OF THE 3RD
Redwood City Redwoods batting - Pitching for District 9 Prawns : RHP Wilson Flores
Batting: RHB Dan Martin 0-0: Ball
1-0: Ball
2-0: Ball
3-0: Called Strike
3-1: Called Strike
3-2: Foul Ball, location: 2F
3-2: Fly out, F8 (Flyball, 8LXD)
Batting: LHB Alfonso Montoya 0-0: Called Strike
0-1: Ball
1-1: Swinging Strike
1-2: Foul Ball, location: 2F
1-2: Ball
2-2: Foul Ball, location: 2F
2-2: Strikes out looking
Batting: RHB Anastasio García 0-0: Ball
1-0: Ball
2-0: Foul Ball, location: 2F
2-1: Foul Ball, location: 2F
2-2: Ball
3-2: SINGLE (Line Drive, 4MD)
Batting: LHB Vincente Sáenz 0-0: Ball
1-0: Ground out 5-3 (Groundball, 56S)
Bottom of the 3rd over - 0 run(s), 1 hit(s), 0 error(s), 1 left on base; District 9 0 - Redwood City 1
TOP OF THE 4TH
District 9 Prawns batting - Pitching for Redwood City Redwoods : RHP Tom Goff
Batting: RHB Alfredo Cortéz 0-0: Ball
1-0: Ground out 5-3 (Groundball, 6)
Batting: LHB Terry White 0-0: Ball
1-0: Called Strike
1-1: Ball
2-1: Ball
3-1: Base on Balls
Batting: LHB Ryan Hensley 0-0: Ball
1-0: Ball
2-0: Foul Ball, location: 2F
2-1: DOUBLE (Flyball, 89D)
Terry White to third
Runner from 3rd tries for Home, SAFE, no throw or cutoff
Batting: LHB José Flores 0-0: Called Strike
0-1: Ball
1-1: Ground out U3 (Groundball, 3)
Ryan Hensley to third
Batting: RHB Jonah Duncan 0-0: SINGLE (Groundball, 34D) (infield hit)
Ryan Hensley scores
Batting: LHB Brian Roy 0-0: Ball
1-0: Called Strike
1-1: Swinging Strike
1-2: Foul Ball, location: 2F
1-2: Ball
2-2: Strikes out swinging
Top of the 4th over - 2 run(s), 2 hit(s), 0 error(s), 1 left on base; District 9 2 - Redwood City 1
BOTTOM OF THE 4TH
Redwood City Redwoods batting - Pitching for District 9 Prawns : RHP Wilson Flores
Batting: LHB Patrick Bright 0-0: Foul Ball, location: 2F
0-1: Ball
1-1: Foul Ball, location: 2F
1-2: Strikes out swinging
Batting: LHB Tony Warrilow 0-0: Called Strike
0-1: Ball
1-1: Ball
2-1: Foul Ball, location: 2F
2-2: Foul Ball, location: 2F
2-2: SINGLE (Line Drive, 8LS)
Batting: RHB William Parker 0-0: Called Strike
0-1: Called Strike
0-2: Foul Ball, location: 2F
0-2: Ball
1-2: Ball
2-2: Ball
3-2: Fly out, F9 (Flyball, 9D)
Batting: LHB Juan Hernández 0-0: Ball
1-0: Foul Ball, location: 2F
1-1: Foul Ball, location: 2F
1-2: Foul Ball, location: 2F
1-2: Ground out U3 (Groundball, 3S)
Bottom of the 4th over - 0 run(s), 1 hit(s), 0 error(s), 1 left on base; District 9 2 - Redwood City 1
TOP OF THE 5TH
District 9 Prawns batting - Pitching for Redwood City Redwoods : RHP Tom Goff
Batting: SHB Mark Pope 0-0: Ball
1-0: Ball
2-0: Ball
3-0: Base on Balls
Batting: RHB Phil Jacobs 0-0: Grounds into double play, U4-3 (Groundball, 4M)
Batting: RHB Mal Snyder 0-0: Called Strike
0-1: Fly out, F9 (Line Drive, 9S)
Top of the 5th over - 0 run(s), 0 hit(s), 0 error(s), 0 left on base; District 9 2 - Redwood City 1
BOTTOM OF THE 5TH
Redwood City Redwoods batting - Pitching for District 9 Prawns : RHP Wilson Flores
Batting: LHB Héctor Flores 0-0: Called Strike
0-1: Foul Ball, location: 2F
0-2: Foul Ball, location: 2F
0-2: Strikes out swinging
Batting: RHB Dan Martin 0-0: Called Strike
0-1: Ball
1-1: Ball
2-1: Ground out 1-3 (Groundball, 15S)
Batting: LHB Alfonso Montoya 0-0: Ball
1-0: Ball
2-0: Ball
3-0: Called Strike
3-1: Fly out, F8 (Flyball, 8LM)
Bottom of the 5th over - 0 run(s), 0 hit(s), 0 error(s), 0 left on base; District 9 2 - Redwood City 1
TOP OF THE 6TH
District 9 Prawns batting - Pitching for Redwood City Redwoods : RHP Tom Goff
Batting: RHB Alfredo Cortéz 0-0: Fly out, F9 (Flyball, 89S)
Batting: LHB Terry White 0-0: Ball
1-0: Ball
2-0: Swinging Strike
2-1: Ball
3-1: Fly out, F4 (Line Drive, 4)
Batting: LHB Ryan Hensley 0-0: DOUBLE (Line Drive, 89M)
Batting: LHB José Flores 0-0: Ball
1-0: Ball
2-0: Called Strike
2-1: Foul Ball, location: 2F
2-2: Strikes out swinging
Top of the 6th over - 0 run(s), 1 hit(s), 0 error(s), 1 left on base; District 9 2 - Redwood City 1
BOTTOM OF THE 6TH
Redwood City Redwoods batting - Pitching for District 9 Prawns : RHP Wilson Flores
Pitching: RHP Julián Romero
Batting: RHB Anastasio García 0-0: Ball
1-0: Swinging Strike
1-1: SINGLE (Groundball, 4M)
Batting: LHB Vincente Sáenz 0-0: Ball
1-0: Swinging Strike
1-1: Called Strike
1-2: Strikes out swinging
Batting: LHB Patrick Bright 0-0: Ball
1-0: Ball
2-0: Ball
3-0: Called Strike
3-1: Base on Balls
Anastasio García to second
Batting: LHB Tony Warrilow 0-0: Ball
1-0: Ball
2-0: Foul Ball, location: 2F
2-1: Grounds into double play, 6-4-3 (Groundball, 6)
Bottom of the 6th over - 0 run(s), 1 hit(s), 0 error(s), 1 left on base; District 9 2 - Redwood City 1
TOP OF THE 7TH
District 9 Prawns batting - Pitching for Redwood City Redwoods : RHP Tom Goff
Batting: RHB Jonah Duncan 0-0: Ball
1-0: Ball
2-0: Foul Ball, location: 2F
2-1: Swinging Strike
2-2: Strikes out swinging
Batting: LHB Brian Roy 0-0: Ball
1-0: Ball
2-0: Foul Ball, location: 2F
2-1: Ball
3-1: Base on Balls
Pinch Hitting: RHB Eduardo García 0-0: Ball
Brian Roy steals 2nd base
1-0: Intentional Walk
Pinch Hitting: SHB Tommy Bourassa 0-0: Called Strike
0-1: Swinging Strike
0-2: Strikes out swinging
Pitching: RHP Jim Williams
Batting: RHB Mal Snyder 0-0: Ball
1-0: Foul Ball, location: 2F
1-1: Foul Ball, location: 2F
1-2: Ball
2-2: Foul Ball, location: 2F
2-2: Ball
3-2: Ground out 1-3 (Groundball, 15)
Top of the 7th over - 0 run(s), 0 hit(s), 0 error(s), 2 left on base; District 9 2 - Redwood City 1
BOTTOM OF THE 7TH
Redwood City Redwoods batting - Pitching for District 9 Prawns : RHP Julián Romero
Now at 2B: Manuel Torres
Now at SS: Enrique Aguilar
Batting: RHB William Parker 0-0: Ground out 6-3 (Groundball, 6M)
Batting: LHB Juan Hernández 0-0: Ball
1-0: Ball
2-0: Ball
3-0: Called Strike
3-1: Foul Ball, location: 2F
3-2: SINGLE (Groundball, 4MD)
Batting: LHB Héctor Flores 0-0: Ball
1-0: Called Strike
1-1: Ball
2-1: Foul Ball, location: 2F
2-2: Ball
3-2: Base on Balls
Juan Hernández to second
Pinch Hitting: LHB Oliver Frías 0-0: Ball
1-0: Called Strike
1-1: Ball
Wild Pitch!
Juan Hernández to third
Héctor Flores to second
2-1: Fly out, F7 (Flyball, 7S)
Batting: LHB Alfonso Montoya 0-0: Hit by Pitch
Batting: RHB Anastasio García 0-0: SINGLE (Line Drive, 7S)
Juan Hernández scores
Héctor Flores to third
Alfonso Montoya to second
Runner from 3rd tries for Home, SAFE, no throw or cutoff
Batting: LHB Vincente Sáenz 0-0: Ground out 4-3 (Groundball, 34)
Bottom of the 7th over - 2 run(s), 2 hit(s), 0 error(s), 2 left on base; District 9 2 - Redwood City 3
TOP OF THE 8TH
District 9 Prawns batting - Pitching for Redwood City Redwoods : RHP Jim Williams
Now at C: Orlando Santos
Now at 3B: Carlos Gonzáles
Batting: RHB Alfredo Cortéz 0-0: Ball
1-0: Called Strike
1-1: SOLO HOME RUN (Line Drive, 7LD), Distance : 320 ft
Pitching: LHP Haywood Brown
Pinch Hitting: RHB Lúcio García 0-0: Ball
1-0: Ball
2-0: Swinging Strike
2-1: Called Strike
2-2: Foul Ball, location: 2F
2-2: Ball
3-2: Base on Balls
Batting: LHB Ryan Hensley 0-0: Foul Ball, location: 2F
0-1: Ball
1-1: Foul Ball, location: 2F
1-2: Foul Ball, location: 2F
1-2: Strikes out swinging
Pitching: LHP George Owens
Pinch Hitting: RHB Lateef Makini 0-0: Called Strike
Lúcio García is caught stealing 2nd base
0-1: Ball
1-1: Ball
2-1: SINGLE (Groundball, 6)
Batting: RHB Jonah Duncan 0-0: Called Strike
0-1: Called Strike
0-2: Ground out U3 (Groundball, 3S)
Top of the 8th over - 1 run(s), 2 hit(s), 0 error(s), 1 left on base; District 9 3 - Redwood City 3
BOTTOM OF THE 8TH
Redwood City Redwoods batting - Pitching for District 9 Prawns : RHP Julián Romero
Pitching: RHP Gerard Allen
Now in LF: Lateef Makini
Now in RF: Lúcio García
Batting: LHB Patrick Bright 0-0: Called Strike
0-1: Reached on error, E6 (Groundball, 6)
Batting: LHB Tony Warrilow 0-0: Ball
1-0: Ball
2-0: Foul Ball, location: 2F
2-1: Swinging Strike
2-2: Ball
3-2: DOUBLE (Line Drive, 9LD)
Patrick Bright to third
Batting: RHB William Parker 0-0: Swinging Strike
0-1: Ball
1-1: Called Strike
Balk!
Patrick Bright scores
Tony Warrilow to third
1-2: Strikes out swinging
Batting: LHB Juan Hernández 0-0: Fly out, F3 (Popup, 3SF)
Batting: LHB Héctor Flores 0-0: Ball
1-0: Ball
2-0: Ball
3-0: Base on Balls
Pinch Hitting: RHB Fu Tse 0-0: Foul Ball, location: 2F
0-1: Ball
1-1: Ball
2-1: Swinging Strike
2-2: Foul Ball, location: 2F
2-2: Strikes out swinging
Bottom of the 8th over - 1 run(s), 1 hit(s), 1 error(s), 2 left on base; District 9 3 - Redwood City 4
TOP OF THE 9TH
District 9 Prawns batting - Pitching for Redwood City Redwoods : LHP George Owens
Pitching: RHP Joe Watts
Now at 1B: Fu Tse
Now in CF: River Wilson
Batting: LHB Brian Roy 0-0: Ball
1-0: Called Strike
1-1: Foul Ball, location: 2F
1-2: Strikes out swinging
Batting: RHB Manuel Torres 0-0: Ball
1-0: Ball
2-0: Called Strike
2-1: Ball
3-1: Base on Balls
Batting: RHB Enrique Aguilar 0-0: Ball
Manuel Torres is caught stealing 2nd base
1-0: Ball
2-0: Foul Ball, location: 2F
2-1: Foul Ball, location: 2F
2-2: Ground out 6-3 (Groundball, 6)
Top of the 9th over - 0 run(s), 0 hit(s), 0 error(s), 0 left on base; District 9 3 - Redwood City 4
This league is powered by Out of the Park Baseball, the baseball management simulation game for PC, Mac and Linux
Saturday, April 9th, 2016 - OOTP Baseball 16.8 Build 38